 Dungeon Crawl Stone Soup version 0.22-a0-373-gab1296c (webtiles) character file.

408 Collin1234 the Covered (level 6, -1/53 HPs)
             Began as a Hill Orc Fighter on Apr 25, 2018.
             Slain by a worm (9 damage)
             ... on level 3 of the Dungeon.
             The game lasted 00:13:55 (3049 turns).

Collin1234 the Covered (Hill Orc Fighter)           Turns: 3049, Time: 00:13:55

Health: -1/53      AC:  9    Str: 25    XL:     6   Next: 88%
Magic:  6/6        EV: 11    Int:  9    God:
Gold:   174        SH:  0    Dex: 10    Spells: 5/5 levels left

rFire    . . .     SeeInvis .   t - +1 halberd (freeze)
rCold    . . .     Gourm    .   (shield currently unavailable)
rNeg     . . .     Faith    .   n - +0 ring mail
rPois    .         Spirit   .   (no helmet)
rElec    .         Reflect  .   (no cloak)
rCorr    .         Harm     .   (no gloves)
MR       .....                  e - +2 pair of boots
Stlth    ..........             (no amulet)
HPRegen  0.17/turn              (no ring)
MPRegen  0.10/turn              (no ring)

@: mighty
A: no striking features
a: no special abilities


You were on level 3 of the Dungeon.
You were hungry.

You visited 1 branch of the dungeon, and saw 3 of its levels.

You collected 174 gold pieces.

Inventory:

Hand Weapons
 a - a +0 rapier
 h - a +1 mace of protection
 t - a +1 halberd of freezing (weapon)
Missiles
 g - 117 stones (quivered)
Armour
 b - a +1 scale mail
 c - a +0 shield
 e - a +2 pair of boots (worn)
 j - a +0 leather armour
 n - a +0 ring mail (worn)
Scrolls
 i - a scroll of blinking
 k - 4 scrolls of teleportation
 m - a scroll of identify
Potions
 l - 2 potions of curing {unknown}
 p - 2 potions of heal wounds {unknown}
Comestibles
 f - 7 rations


   Skills:
 + Level 4.4 Fighting
 + Level 4.3 Short Blades
 + Level 1.0 Throwing
 + Level 4.9 Armour
 + Level 1.2 Dodging
 + Level 0.1 Stealth
 + Level 4.6 Shields


You had 5 spell levels left.
You didn't know any spells.

Dungeon Overview and Level Annotations

Branches:
Dungeon (3/15)

Altars:
Fedhas


Message History

You slice the worm!! You freeze the worm.
The worm is severely wounded.
The worm bites you but does no damage.
You puncture the worm! You freeze the worm.
You kill the worm!
You barely miss the worm. The worm bites you.
You barely miss the worm. The worm misses you. x2
A rat comes into view.
Your ring mail prevents you from hitting the worm.
The worm bites you!
You completely miss the worm. The worm bites you but does no damage.
You hit the worm but do no damage. The worm bites you. The worm bites you!
* * * LOW HITPOINT WARNING * * *
You feel very mighty all of a sudden. The worm bites you.
* * * LOW HITPOINT WARNING * * *
You puncture the worm! You freeze the worm.
The worm is severely wounded.
The worm bites you!
You die...

.........##.....<#...# #.####.#
..........#....#)#...# #......#
.#######..#....#.#...############
.# #..#.#..#.#............... .#
#..#.#....)....#### ###### .#
#..#.#)##.##......########
.#######..#......................
...............†........>......##
.#######......##@###...........#
...######.######w# #####.......##
.........(.##....r..# #.........
##..#####.##......(..# #.......##
.......##.#...........###.#......
....##.##.#....###.(..# #.#######
....##.##.#...##y##...# #.. ..
....##.[..#....###...(###########
.....###.###....r....##.......#


You could see a moth of wrath, a worm (berserk) and a rat.

Vanquished Creatures
  A phantom (D:2)
  The ghost of chainedplains the Shooter, an amateur MiHu (D:3)
  A bullfrog (D:2)
  4 gnolls (D:3)
  4 adders
  2 oozes
  4 worms
  A dart slug (D:2)
  2 leopard geckos (D:3)
  3 orcs (D:3)
  2 ball pythons (D:2)
  4 giant cockroaches
  8 goblins
  9 hobgoblins
  2 jackals (D:1)
  5 kobolds
  A quokka (D:2)
  8 bats
  5 frilled lizards
  8 rats
75 creatures vanquished.

Notes
Turn   | Place    | Note
-------+----------+-------------------------------------------
     0 | D:1      | Collin1234 the Hill Orc Fighter began the quest for the Orb.
     0 | D:1      | Reached XP level 1. HP: 19/19 MP: 1/1
   217 | D:1      | Reached XP level 2. HP: 26/27 MP: 2/2
   559 | D:1      | Reached XP level 3. HP: 33/33 MP: 3/3
  1215 | D:2      | Noticed a bullfrog
  1217 | D:2      | Found a blossoming altar of Fedhas.
  1225 | D:2      | Killed a bullfrog
  1225 | D:2      | Reached XP level 4. HP: 26/40 MP: 4/4
  1408 | D:2      | Reached XP level 5. HP: 43/46 MP: 5/5
  1952 | D:2      | Noticed a phantom
  1991 | D:2      | Killed a phantom
  1991 | D:2      | Reached skill level 1 in Throwing
  1991 | D:2      | Reached skill level 1 in Dodging
  1991 | D:2      | Reached XP level 6. HP: 27/52 MP: 6/6
  2323 | D:3      | Noticed chainedplains's ghost (amateur MiHu)
  2346 | D:3      | Killed chainedplains's ghost
  3023 | D:3      | Noticed a moth of wrath
  3049 | D:3      | Slain by a worm

Vault maps used:
D:1:      dpeg_arrival_rhombi
D:2:      old_standard_altar, first_ration
D:3:      tgw_trog

Skill      XL: |  1  2  3  4  5  6 |
---------------+-------------------+-----
Fighting       | 4 |  4.4
Armour         | 4 |  4.9
Shields        | 4 |  4.6
Short Blades   | 3 4 |  4.3
Throwing       | 1 |  1.0
Dodging        | 1 |  1.2
Stealth        | |  0.1

Action                   |  1- 3 |  4- 6 || total
-------------------------+-------+-------++-------
Melee: Rapier            |   106 |   171 ||   277
       Halberd           |       |    26 ||    26
Throw: Stone             |     9 |    46 ||    55
  Use: Scroll            |       |     7 ||     7
       Potion            |       |     1 ||     1
  Eat: Chunk             |       |     3 ||     3
       Ration            |       |     1 ||     1
Armor: Scale mail        |    10 |       ||    10
       Leather armour    |    33 |       ||    33
       Ring mail         |    18 |    69 ||    87
Dodge: Dodged            |    50 |    70 ||   120
Block: Shield            |    81 |    85 ||   166

Table legend:
 A = Spawn XP
 B = Non-spawn XP
 C = Spawn XP percentage of total XP
 D = Spawn monster count
 E = Non-spawn monster count
 F = Spawn count percentage of total count
 G = Total turns spent on level
                    A         B        C        D         E        F      G
               +---------+---------+-------+---------+---------+-------+---------
         Total |       0 |     584 |   0.0 |       0 |      75 |   0.0 |  3049
               +---------+---------+-------+---------+---------+-------+---------
           D:1 |       0 |      40 |   0.0 |       0 |      20 |   0.0 |  1057
           D:2 |       0 |     296 |   0.0 |       0 |      26 |   0.0 |  1077
           D:3 |       0 |     248 |   0.0 |       0 |      29 |   0.0 |   915
               +---------+---------+-------+---------+---------+-------+---------
